 Dungeon Crawl Stone Soup version 0.28.0 (webtiles) character file.

Game seed: 2433179595345049914

7 freelancePsychic the Grasshopper (level 1, -1/12 HPs)
             Began as a Deep Elf Warper on Feb 18, 2022.
             Was a Follower of Makhleb.
             Frozen to death by an endoplasm (3 damage)
             ... on level 1 of the Dungeon.
             The game lasted 00:01:16 (826 turns).

freelancePsychic the Grasshopper (Deep Elf Warper)   Turns: 826, Time: 00:01:17

Health: -1/12      AC:  3    Str:  8    XL:     1   Next: 83%
Magic:  6/6        EV: 11    Int: 17    God:    Makhleb [*.....]
Gold:   45         SH:  3    Dex: 14    Spells: 6/6 levels left

rFire   . . .      SeeInvis .   f - +0 dagger
rCold   . . .      Faith    .   e - +0 buckler
rNeg    . . .      Spirit   .   b - +0 leather armour
rPois   .          Reflect  .   (no helmet)
rElec   .          Harm     .   (no cloak)
rCorr   .          Rampage  .   (no gloves)
Will    .....                   (no boots)
Stlth   +.........              (no amulet)
HPRegen 0.04/turn               (no ring)
MPRegen 0.10/turn               (no ring)

@: no status effects
A: no striking features
a: Renounce Religion


You were on level 1 of the Dungeon.
You worshipped Makhleb.
Makhleb was aware of your devotion.
You visited 1 branch of the dungeon, and saw 1 of its levels.

You collected 45 gold pieces.

Inventory:

Hand Weapons
 f - a +0 dagger (weapon)
Missiles
 d - 5 boomerangs of dispersal (quivered)
Armour
 b - a +0 leather armour (worn)
 e - a +0 buckler (worn)
Scrolls
 a - a scroll of identify {unknown}


   Skills:
 + Level 1.7 Fighting
 * Level 2.3 Short Blades
 - Level 1.0 Throwing
 - Level 0.7 Armour
 - Level 2.4 Dodging
 - Level 3.0 Spellcasting
 - Level 3.2 Translocations
 + Level 0.4 Invocations


You had 6 spell levels left.
You didn't know any spells.
Your spell library contained the following spells:

 Spells                   Type           Power      Damage    Failure   Level
 Blink                    Tloc           26%        N/A       14%         2
 Gell's Gravitas          Tloc           13%        N/A       26%         3
 Lesser Beckoning         Tloc           13%        N/A       26%         3
 Teleport Other           Tloc           13%        N/A       26%         3
 Manifold Assault         Tloc           13%        N/A       94%         5


Dungeon Overview and Level Annotations

Branches:
Dungeon (1/15)

Altars:
Makhleb


Message History

You see here a scroll labelled SUUWNA LASCH.
The bat barely misses you.
Blink to where?
Press: ? - help, Dir - move target
As you read the scroll of blinking, it crumbles to dust.
The bat closely misses you. The bat misses you. The bat closely misses you.
The bat barely misses you. The bat hits you.
You aren't carrying any potions.
The bat misses you.
You hit the bat.
The bat is heavily wounded.
The bat misses you. You block the bat's attack.
You hit the bat.
The bat is severely wounded.
The bat hits you.
You closely miss the bat.
The bat is severely wounded.
The bat barely misses you. The bat completely misses you.
You closely miss the bat.
The bat is severely wounded.
The bat hits you but does no damage. The bat completely misses you.
You hit the bat but do no damage.
The bat is severely wounded.
The bat closely misses you.
You hit the bat.
You kill the bat!
Makhleb accepts your kill.
You hit the endoplasm.
The endoplasm is lightly wounded.
The endoplasm hits you.
* * * LOW HITPOINT WARNING * * *
You hit the endoplasm but do no damage.
The endoplasm is lightly wounded.
The endoplasm freezes you.
You are frozen.
You die...

.#######.# #.# #..#
#....(..# #.#
###..##### .###'###.#
#.###.#?.#... .#.....#
#.##..K..#.# .#.....#
## #.#........#
.+..<..+ +.
#...J.J...## ..
.#.....# ##.
#..##.#...##...
.#.....#
##..####..#...........
.###+###.
#....@JJK...#.........
#.......#
########..#...#..###.#
.#######.
.....##.##..... #
#.......
###..........###.#
######## #.#.#.###..#
...).. ..#.#.# #..#
####+# ####.#.# #..#
#.# ....


You could see 2 endoplasms and a kobold.

Vanquished Creatures
  A bat (D:1)
  A giant cockroach (D:1)
  A kobold (D:1)
  2 ball pythons (D:1)
  2 goblins (D:1)
7 creatures vanquished.

Notes
Turn   | Place    | Note
-------+----------+-------------------------------------------
     0 | D:1      | freelancePsychic the Deep Elf Warper began the quest for
                  | the Orb.
     0 | D:1      | Reached XP level 1. HP: 12/12 MP: 6/6
   200 | D:1      | Found a faded altar of an unknown god.
   264 | D:1      | Prayed at the altar of an unknown god.
   264 | D:1      | Became a worshipper of Makhleb the Destroyer
   264 | D:1      | Reached * piety under Makhleb
   826 | D:1      | Frozen to death by an endoplasm

Illustrated notes

Levels and vault maps discovered:
D:1:      matt_arrival_los_fun, layout_loops_ring,
          hellmonk_ecumenical_altar_leap_of_faith

Action                   || total
-------------------------++-------
Melee: Dagger            ||    65
       Short sword       ||     9
  Use: Scroll            ||     1
Armor: Leather armour    ||    21
Dodge: Dodged            ||    53
Block: Buckler           ||     5
